[ PARTIDA AOE2 · #506925723 ]
UnrankedVietnamitas vs Mongols
Equipo del jugador · VICT
Equipo rival · DERR
[ ANÁLISIS DE REPETICIÓN · EXTRAÍDO DE LA PARTIDA GRABADA ]
Feudal
9:20
Castillos
26:06
Imperial
—
| APM promedio | 93.6 |
| APM pico | 139 |
| eAPM promedio | 43.4 |
| Aldeanos / militares | 115 / 105 |
Foco
⚔️ 35.3% · 🌾 64.7%
Cavalry Archer ×46 · Skirmisher ×35 · Archer ×14 · Scout Cavalry ×7 · Militia ×3
Feudal
8:09
Castillos
23:52
Imperial
—
| APM promedio | 75.5 |
| APM pico | 133 |
| eAPM promedio | 27.2 |
| Aldeanos / militares | 85 / 80 |
Foco
⚔️ 35.7% · 🌾 64.3%
Cavalry Archer ×47 · Skirmisher ×14 · Militia ×6 · Scorpion ×4 · Knight ×3 · Mangonel ×2
Mapa de la partida
Recursos iniciales + cada clic de construcción. Líneas = muros · curvas = relieve. ◆ oro · ⬟ piedra · ● bayas · ✦ reliquia · ◌ hueco del cierre
Tu base· ✓ Cerrada en 26:06 · 35t muro · sin puerta
Base de beadir· Abierta — el rival se encerró
Terreno inicial suavizado · ◌ = hueco del cierre detectado · pasá el cursor para detalles
Inputs por minuto
— CO[M]BO - - beadir
Build order — CO[M]BO
Primeras 150 de 361 acciones detectadas
| 0:01 | Crear | Villager (Male) |
| 0:01 | Crear | Villager (Male) |
| 0:01 | Crear | Villager (Male) |
| 0:02 | Crear | Villager (Male) |
| 0:03 | Construir | House |
| 0:05 | Construir | House |
| 1:25 | Crear | Villager (Male) |
| 2:01 | Crear | Villager (Male) |
| 2:06 | Construir | Lumber Camp |
| 2:27 | Crear | Villager (Male) |
| 2:34 | Crear | Villager (Male) |
| 3:06 | Crear | Villager (Male) |
| 3:19 | Crear | Villager (Male) |
| 3:47 | Crear | Villager (Male) |
| 3:57 | Construir | House |
| 4:15 | Crear | Villager (Male) |
| 4:21 | Construir | House |
| 4:39 | Crear | Villager (Male) |
| 4:48 | Crear | Villager (Male) |
| 5:50 | Crear | Villager (Male) |
| 5:58 | Construir | Barracks |
| 6:20 | Crear | Villager (Male) |
| 6:23 | Investigar | Loom |
| 7:05 | Investigar | Feudal Age |
| 7:05 | Investigar | Feudal Age |
| 7:19 | Construir | Mining Camp |
| 7:20 | Crear | Militia |
| 7:20 | Crear | Militia |
| 8:05 | Crear | Militia |
| 8:17 | Construir | House |
| 8:27 | Crear | Villager (Male) |
| 9:20 | Edad | Edad Feudal |
| 9:20 | Crear | Villager (Male) |
| 9:22 | Construir | Archery Range |
| 9:29 | Investigar | Man-at-Arms (upgrade) |
| 9:31 | Crear | Villager (Male) |
| 9:35 | Construir | House |
| 9:38 | Construir | Palisade Wall |
| 9:39 | Construir | House |
| 9:43 | Construir | House |
| 9:43 | Crear | Villager (Male) |
| 10:31 | Construir | House |
| 11:11 | Crear | Villager (Male) |
| 11:17 | Crear | Villager (Male) |
| 11:23 | Construir | Mill |
| 11:27 | Construir | House |
| 11:37 | Crear | Villager (Male) |
| 11:57 | Construir | Farm |
| 11:58 | Construir | Farm |
| 12:00 | Construir | House |
| 12:02 | Construir | Palisade Wall |
| 12:03 | Construir | Palisade Wall |
| 12:06 | Crear | Villager (Male) |
| 12:14 | Crear | Archer |
| 12:20 | Crear | Villager (Male) |
| 12:25 | Construir | Palisade Wall |
| 12:48 | Construir | Farm |
| 13:01 | Crear | Archer |
| 13:05 | Crear | Villager (Male) |
| 13:12 | Construir | Farm |
| 13:30 | Construir | Farm |
| 13:35 | Crear | Archer |
| 13:39 | Crear | Villager (Male) |
| 14:01 | Crear | Archer |
| 14:11 | Construir | Farm |
| 14:13 | Construir | Farm |
| 14:16 | Crear | Villager (Male) |
| 14:24 | Crear | Archer |
| 14:38 | Crear | Villager (Male) |
| 14:46 | Crear | Villager (Male) |
| 14:56 | Construir | House |
| 14:59 | Crear | Archer |
| 14:59 | Crear | Archer |
| 15:02 | Construir | Farm |
| 15:05 | Construir | Farm |
| 15:06 | Crear | Villager (Male) |
| 15:25 | Crear | Archer |
| 15:28 | Construir | Palisade Wall |
| 15:31 | Crear | Villager (Male) |
| 15:48 | Crear | Villager (Male) |
| 15:53 | Investigar | Double-Bit Axe |
| 15:53 | Investigar | Double-Bit Axe |
| 16:12 | Construir | Blacksmith |
| 16:13 | Crear | Villager (Male) |
| 16:22 | Construir | Palisade Wall |
| 16:30 | Crear | Villager (Male) |
| 16:33 | Construir | Palisade Wall |
| 16:41 | Construir | Farm |
| 16:42 | Construir | Farm |
| 16:43 | Investigar | Fletching |
| 16:44 | Investigar | Fletching |
| 16:45 | Crear | Archer |
| 16:45 | Crear | Archer |
| 16:49 | Crear | Archer |
| 16:51 | Crear | Villager (Male) |
| 16:56 | Crear | Villager (Male) |
| 17:11 | Construir | Farm |
| 17:15 | Construir | Farm |
| 17:20 | Construir | Palisade Wall |
| 17:22 | Construir | Palisade Wall |
| 17:26 | Crear | Archer |
| 17:34 | Crear | Archer |
| 17:53 | Crear | Villager (Male) |
| 18:24 | Construir | Stable |
| 18:42 | Construir | Farm |
| 19:03 | Crear | Villager (Male) |
| 19:05 | Crear | Villager (Male) |
| 19:10 | Crear | Scout Cavalry |
| 19:10 | Crear | Scout Cavalry |
| 19:10 | Crear | Scout Cavalry |
| 19:12 | Construir | Farm |
| 19:13 | Construir | Farm |
| 19:29 | Construir | Farm |
| 19:30 | Crear | Villager (Male) |
| 19:31 | Crear | Scout Cavalry |
| 19:37 | Investigar | Forging |
| 19:38 | Crear | Villager (Male) |
| 19:39 | Crear | Villager (Male) |
| 19:39 | Crear | Villager (Male) |
| 19:52 | Construir | Farm |
| 19:56 | Crear | Villager (Male) |
| 20:16 | Crear | Scout Cavalry |
| 20:31 | Construir | Farm |
| 20:59 | Crear | Villager (Male) |
| 21:03 | Crear | Villager (Male) |
| 21:08 | Construir | Lumber Camp |
| 21:22 | Crear | Villager (Male) |
| 21:23 | Construir | Farm |
| 21:24 | Construir | Farm |
| 21:24 | Construir | Farm |
| 21:25 | Construir | Farm |
| 21:26 | Crear | Villager (Male) |
| 21:31 | Crear | Scout Cavalry |
| 21:44 | Investigar | Horse Collar |
| 21:46 | Investigar | Wheelbarrow |
| 21:50 | Crear | Scout Cavalry |
| 22:01 | Construir | Farm |
| 22:11 | Crear | Villager (Male) |
| 22:19 | Construir | Market |
| 22:38 | Construir | Palisade Wall |
| 22:51 | Construir | Archery Range |
| 22:51 | Crear | Villager (Male) |
| 23:10 | Construir | Archery Range |
| 23:19 | Investigar | Castle Age |
| 23:19 | Investigar | Castle Age |
| 23:44 | Investigar | Padded Archer Armor |
| 24:00 | Crear | Skirmisher |
| 24:00 | Crear | Skirmisher |
| 24:09 | Crear | Skirmisher |
| 24:11 | Crear | Skirmisher |
Build order — beadir
Primeras 150 de 296 acciones detectadas
| 0:00 | Crear | Villager (Male) |
| 0:02 | Construir | House |
| 0:04 | Construir | House |
| 0:12 | Crear | Villager (Male) |
| 0:24 | Crear | Villager (Male) |
| 0:38 | Crear | Villager (Male) |
| 0:38 | Crear | Villager (Male) |
| 1:28 | Crear | Villager (Male) |
| 1:50 | Construir | Lumber Camp |
| 1:58 | Crear | Villager (Male) |
| 2:23 | Crear | Villager (Male) |
| 2:46 | Crear | Villager (Male) |
| 2:47 | Crear | Villager (Male) |
| 3:22 | Crear | Villager (Male) |
| 3:22 | Crear | Villager (Male) |
| 3:23 | Crear | Villager (Male) |
| 3:35 | Construir | House |
| 4:20 | Crear | Villager (Male) |
| 4:20 | Crear | Villager (Male) |
| 4:32 | Crear | Villager (Male) |
| 4:32 | Crear | Villager (Male) |
| 4:32 | Crear | Villager (Male) |
| 4:50 | Construir | Barracks |
| 5:09 | Investigar | Loom |
| 5:12 | Crear | Villager (Male) |
| 5:23 | Construir | House |
| 5:59 | Investigar | Feudal Age |
| 5:59 | Investigar | Feudal Age |
| 6:01 | Crear | Militia |
| 6:29 | Crear | Militia |
| 6:29 | Crear | Militia |
| 6:44 | Construir | House |
| 7:19 | Crear | Militia |
| 7:41 | Construir | Mill |
| 7:49 | Crear | Villager (Male) |
| 7:55 | Construir | Palisade Wall |
| 8:04 | Crear | Villager (Male) |
| 8:09 | Edad | Edad Feudal |
| 8:16 | Investigar | Man-at-Arms (upgrade) |
| 8:20 | Investigar | Double-Bit Axe |
| 8:21 | Investigar | Double-Bit Axe |
| 8:45 | Investigar | Loom |
| 9:00 | Construir | Palisade Wall |
| 9:16 | Crear | Villager (Male) |
| 9:21 | Crear | Villager (Male) |
| 9:45 | Crear | Villager (Male) |
| 9:46 | Crear | Militia |
| 10:25 | Crear | Villager (Male) |
| 10:27 | Construir | Farm |
| 11:02 | Construir | Farm |
| 11:03 | Construir | Farm |
| 11:03 | Construir | Farm |
| 11:18 | Construir | Mining Camp |
| 11:37 | Crear | Villager (Male) |
| 11:54 | Construir | Palisade Wall |
| 11:59 | Construir | House |
| 12:01 | Construir | House |
| 12:16 | Construir | Mining Camp |
| 12:20 | Crear | Villager (Male) |
| 12:34 | Crear | Villager (Male) |
| 12:38 | Crear | Villager (Male) |
| 12:45 | Crear | Villager (Male) |
| 12:51 | Construir | House |
| 13:04 | Construir | Farm |
| 13:05 | Construir | Farm |
| 13:07 | Construir | Farm |
| 13:12 | Construir | Farm |
| 13:14 | Construir | Farm |
| 13:33 | Crear | Villager (Male) |
| 13:37 | Construir | Palisade Wall |
| 13:40 | Construir | Palisade Wall |
| 13:52 | Investigar | Arson |
| 13:53 | Investigar | Arson |
| 14:05 | Crear | Villager (Male) |
| 14:11 | Construir | Blacksmith |
| 14:14 | Construir | Palisade Wall |
| 14:17 | Construir | Palisade Wall |
| 14:22 | Crear | Villager (Male) |
| 14:26 | Construir | Archery Range |
| 14:30 | Crear | Villager (Male) |
| 14:44 | Construir | House |
| 14:49 | Investigar | Wheelbarrow |
| 14:50 | Crear | Villager (Male) |
| 14:53 | Construir | House |
| 14:55 | Construir | House |
| 14:56 | Construir | Palisade Wall |
| 14:58 | Construir | Palisade Wall |
| 15:14 | Crear | Skirmisher |
| 15:15 | Crear | Skirmisher |
| 15:21 | Investigar | Horse Collar |
| 15:21 | Investigar | Horse Collar |
| 15:22 | Crear | Villager (Male) |
| 15:29 | Crear | Skirmisher |
| 15:48 | Crear | Skirmisher |
| 15:51 | Investigar | Fletching |
| 16:13 | Crear | Skirmisher |
| 16:16 | Construir | Farm |
| 16:18 | Construir | Farm |
| 16:25 | Construir | Farm |
| 16:37 | Investigar | Arson |
| 16:37 | Investigar | Arson |
| 16:39 | Crear | Skirmisher |
| 16:40 | Crear | Villager (Male) |
| 16:40 | Crear | Villager (Male) |
| 16:45 | Construir | House |
| 16:46 | Construir | House |
| 16:48 | Construir | Palisade Wall |
| 16:56 | Crear | Skirmisher |
| 16:57 | Crear | Villager (Male) |
| 17:04 | Construir | Farm |
| 17:05 | Crear | Villager (Male) |
| 17:27 | Crear | Skirmisher |
| 17:54 | Crear | Skirmisher |
| 18:05 | Crear | Skirmisher |
| 18:11 | Crear | Archer |
| 18:12 | Crear | Villager (Male) |
| 18:21 | Crear | Skirmisher |
| 18:25 | Crear | Skirmisher |
| 18:30 | Crear | Villager (Male) |
| 18:34 | Crear | Skirmisher |
| 18:39 | Crear | Villager (Male) |
| 18:42 | Construir | House |
| 18:43 | Construir | House |
| 18:48 | Construir | House |
| 18:52 | Construir | Palisade Gate |
| 18:55 | Construir | Palisade Wall |
| 19:29 | Crear | Villager (Male) |
| 19:37 | Construir | Farm |
| 19:43 | Construir | Farm |
| 19:50 | Crear | Skirmisher |
| 20:03 | Crear | Villager (Male) |
| 20:15 | Crear | Villager (Male) |
| 20:21 | Construir | Lumber Camp |
| 21:12 | Investigar | Castle Age |
| 21:12 | Investigar | Castle Age |
| 21:38 | Construir | Archery Range |
| 21:59 | Construir | Mining Camp |
| 22:00 | Investigar | Gold Mining |
| 22:01 | Investigar | Gold Mining |
| 22:01 | Investigar | Gold Mining |
| 22:12 | Construir | House |
| 22:13 | Construir | House |
| 22:15 | Crear | Spearman |
| 22:23 | Crear | Militia |
| 22:25 | Crear | Spearman |
| 22:26 | Crear | Villager (Male) |
| 23:17 | Investigar | Padded Archer Armor |
| 23:19 | Crear | Villager (Male) |
| 23:24 | Construir | Stable |
| 23:38 | Crear | Villager (Male) |
Cronología de la partida
| 4:50 | beadir · first_building Barracks |
| 5:58 | CO[M]BO · first_building Barracks |
| 7:55 | beadir · wall_segment Palisade Wall x5 |
| 8:09 | beadir · age_up feudal |
| 9:00 | beadir · wall_segment Palisade Wall x1 |
| 9:20 | CO[M]BO · age_up feudal |
| 9:22 | CO[M]BO · first_building Archery Range |
| 9:38 | CO[M]BO · wall_segment Palisade Wall x1 |
| 11:54 | beadir · wall_segment Palisade Wall x1 |
| 12:02 | CO[M]BO · wall_segment Palisade Wall x3 |
| 12:03 | CO[M]BO · wall_segment Palisade Wall x3 |
| 12:25 | CO[M]BO · wall_segment Palisade Wall x1 |
| 13:37 | beadir · wall_segment Palisade Wall x1 |
| 13:40 | beadir · wall_segment Palisade Wall x2 |
| 14:14 | beadir · wall_segment Palisade Wall x1 |
| 14:17 | beadir · wall_segment Palisade Wall x9 |
| 14:26 | beadir · first_building Archery Range |
| 14:56 | beadir · wall_segment Palisade Wall x6 |
| 14:58 | beadir · wall_segment Palisade Wall x5 |
| 15:28 | CO[M]BO · wall_segment Palisade Wall x6 |
| 16:22 | CO[M]BO · wall_segment Palisade Wall x1 |
| 16:33 | CO[M]BO · wall_segment Palisade Wall x1 |
| 16:48 | beadir · wall_segment Palisade Wall x1 |
| 17:20 | CO[M]BO · wall_segment Palisade Wall x1 |
| 17:22 | CO[M]BO · wall_segment Palisade Wall x4 |
| 18:24 | CO[M]BO · first_building Stable |
| 18:55 | beadir · wall_segment Palisade Wall x1 |
| 22:38 | CO[M]BO · wall_segment Palisade Wall x14 |
| 23:16 | CO[M]BO · first_market_buy 100 food |
| 23:24 | beadir · first_building Stable |
| 23:52 | beadir · age_up castle |
| 26:06 | CO[M]BO · age_up castle |
| 26:15 | beadir · first_building Siege Workshop |
| 28:19 | CO[M]BO · first_market_sell 100 wood |
| 30:02 | beadir · first_building Monastery |
| 36:57 | beadir · resign |
[ ANÁLISIS IA · 1 CRÉDITO ]
¿Qué pasó realmente en esta partida?
Wolo.gg analiza cada decisión: build order, eco, micro, errores típicos por bracket. Análisis personalizado por WhatsApp o Discord en 30 segundos.
Guía civ
Vietnamitas
Perfil
Jugador #5656426